Map: 資料C

Players

Zoun - Winner!

  • Race: Protoss Protoss
  • Spawn Location: 3:00

Rex

  • Race: Zerg Zerg
  • League: Diamond
  • Spawn Location: 9:00

Event: HomeStory Cup XXII

VOD

Have the link to the VOD?

Description

Time

  • Played on: Dec. 16, 2022, 9:15 a.m.
  • Length: 9:33

All games in this series

Show
View Real Time Build Order
Export as new Build Order

Zoun Protoss - Winner!

Build Orders:  

Get SALT Encoding   

  12  0:00  Probe  
  13  0:12  Probe  
  14  0:21  Pylon  
  14  0:24  Probe  
  15  0:39  Probe (Chrono Boost)  
  15  0:41  Gateway  
  16  0:48  Probe (Chrono Boost)  
  17  0:50  Assimilator  
  17  0:53  Probe (Chrono Boost)  
  18  1:05  Probe  
  19  1:13  Gateway  
  19  1:17  Probe  
  20  1:29  Cybernetics Core  
  22  1:35  Pylon  
  22  1:36  Probe  
  23  1:45  Assimilator  
  23  1:53  Probe  
  22  2:04  Adept x2 (Chrono Boost)  
  22  2:05  Probe  
  27  2:10  Warp Gate  
  27  2:14  Pylon  
  27  2:17  Probe  
  28  2:28  Adept  
  30  2:30  Probe  
  30  2:32  Adept  
  33  2:50  Nexus  
  33  2:59  Probe  
  33  3:04  Twilight Council  
  34  3:11  Probe  
  35  3:23  Probe  
  36  3:30  Shield Battery  
  34  3:35  Probe  
  34  3:37  Resonating Glaives (Chrono Boost)  
  33  3:47  Probe  
  34  3:48  Gateway  
  34  3:55  Robotics Facility  
  34  3:57  Probe  
  34  3:58  Stalker  
  34  4:02  Probe  
  38  4:05  Probe  
  38  4:09  Adept  
  41  4:14  Probe  
  42  4:20  Probe  
  41  4:30  Adept x2  
  44  4:32  Probe  
  44  4:34  Probe  
  46  4:43  Warp Prism  
  48  4:47  Stalker  
  48  4:48  Probe x2  
  52  4:54  Pylon  
  52  4:58  Adept, Pylon  
  54  5:05  Robotics Bay  
  54  5:12  Adept x2, Probe  
  59  5:17  Probe  
  60  5:22  Observer, Assimilator  
  60  5:24  Probe  
  60  5:25  Pylon  
  62  5:39  Adept x2  
  62  5:40  Adept  
  62  5:42  Probe x2, Pylon  
  68  5:53  Disruptor  
  68  5:54  Probe  
  72  5:59  Probe  
  72  6:01  Assimilator  
  71  6:12  Probe  
  71  6:18  Adept x3  
  74  6:23  Probe  
  73  6:28  Nexus  
  73  6:29  Disruptor, Observer, Pylon  
  76  6:36  Probe  
  71  6:42  Adept x2  
  71  6:45  Adept  
  77  6:49  Shield Battery, Probe (Chrono Boost)  
  77  6:51  Shield Battery  
  78  6:56  Gravitic Drive  
  78  6:57  Probe (Chrono Boost)  
  80  7:01  Probe (Chrono Boost)  
  80  7:02  Adept  
  80  7:03  Adept  
  80  7:05  Blink (Chrono Boost)  
  80  7:06  Probe (Chrono Boost)  
  80  7:08  Probe (Chrono Boost)  
  86  7:11  Probe (Chrono Boost)  
  86  7:13  Forge  
  87  7:15  Probe  
  87  7:18  Disruptor  
  91  7:23  Probe  
  91  7:28  Observer, Probe  
  93  7:35  Probe  
  88  7:40  Probe  
  88  7:41  Probe  
  88  7:45  Gateway x2  
  88  7:47  Probe  
  88  7:48  Gateway  
  87  7:52  Probe  
  87  7:53  Probe  
  87  7:54  Disruptor  
  92  8:02  Stalker x3  
  98  8:09  Assimilator  
  98  8:13  Gateway  
  98  8:15  Gateway  
  98  8:16  Shield Battery  
  98  8:17  Shield Battery  
  98  8:28  Probe x2  
  98  8:29  Stalker x3  
  98  8:30  Observer  
  98  8:31  Probe  
  107  8:34  Pylon  
  107  8:35  Assimilator, Pylon  
  107  8:40  Probe, Pylon  
  108  8:41  Probe  
  108  8:42  Pylon x2  
  109  8:53  Stalker x2  
  109  8:54  Stalker x2  
  117  8:58  Pylon  
  117  8:59  Pylon  
  117  9:00  Sentry x2  
  121  9:07  Stalker  
  121  9:09  Stalker  
  123  9:19  Stalker x5  
  131  9:28  Stalker  
  131  9:29  Stalker  
Show
View Real Time Build Order
Export as new Build Order

Rex Zerg 

Build Orders: Pool First 

Get SALT Encoding   

  12  0:00  Drone  
  13  0:12  Overlord  
  13  0:17  Drone  
  14  0:31  Drone x2  
  14  0:34  Drone  
  17  0:39  Extractor  
  16  0:47  Spawning Pool  
  15  0:50  Drone  
  15  0:56  Drone  
  17  1:12  Drone  
  18  1:34  Hatchery  
  18  1:35  Queen  
  18  1:37  Zergling x2  
  20  1:45  Metabolic Boost  
  20  1:49  Drone  
  21  1:56  Overlord  
  21  2:00  Drone  
  22  2:21  Zergling x4  
  26  2:29  Zergling x2  
  27  2:32  Lair  
  27  2:35  Zergling x2  
  26  2:45  Queen  
  26  2:46  Overlord  
  28  2:56  Drone x3  
  30  2:59  Drone  
  31  3:15  Overlord  
  31  3:22  Hatchery  
  27  3:28  Drone x2  
  27  3:42  Drone x4  
  31  3:55  Drone x3  
  34  3:58  Drone  
  35  4:05  Queen  
  35  4:08  Zergling x2  
  35  4:09  Zergling x2  
  39  4:20  Zergling x6  
  39  4:21  Drone x2  
  44  4:28  Drone x4  
  47  4:34  Drone x3  
  47  4:35  Drone  
  50  4:40  Drone  
  50  4:43  Roach Warren  
  49  4:51  Extractor  
  47  4:53  Overlord  
  47  4:57  Zergling x10  
  52  5:04  Zergling x10  
  57  5:08  Overlord  
  57  5:15  Overlord x2  
  57  5:17  Overlord  
  57  5:22  Overlord  
  57  5:26  Roach x2  
  61  5:31  Roach  
  61  5:34  Roach x2  
  65  5:38  Roach  
  65  5:40  Roach  
  68  5:44  Roach  
  68  5:45  Roach  
  68  5:48  Zergling x4  
  74  5:54  Zergling x2, Roach x2  
  76  6:06  Drone  
  76  6:11  Zergling x2, Drone  
  75  6:12  Zergling x2  
  75  6:13  Zergling x6  
  75  6:17  Roach  
  76  6:26  Roach  
  76  6:27  Roach  
  77  6:35  Roach  
  77  6:37  Roach  
  80  6:45  Glial Reconstitution  
  80  6:46  Drone x2  
  82  6:49  Drone x2  
  82  6:51  Drone  
  84  6:54  Drone, Extractor  
  84  6:56  Drone  
  84  6:58  Drone  
  84  7:00  Drone x2  
  88  7:03  Drone  
  88  7:04  Overseer  
  89  7:10  Drone x2  
  91  7:20  Roach x4  
  99  7:33  Roach x6  
  96  7:42  Drone x6  
  99  7:48  Zergling x2  
  99  7:49  Zergling x6  
  103  8:03  Zergling x4, Roach  
  106  8:11  Ravager  
  70  8:28  Drone x13  
  81  8:36  Spire  
  81  8:38  Extractor  
  81  8:40  Drone x3  
  82  8:46  Extractor x2  
  80  8:48  Ravager  
  80  8:49  Roach, Ravager  
  80  8:53  Queen  
  86  8:56  Roach x2  
  86  9:01  Roach x5  
  100  9:07  Ravager  
  100  9:08  Ravager  
  102  9:11  Overlord x4  
Tags
 
League
Diamond
Matchup
PvZ
Opening
Pool First
Player
RexZoun
Replay Pack
hsc22
Spawn Locations
Cross Positions
Add a new tag
Caveats
  • Supply blocks, unpowered buildings, or Contaminate may cause inaccurate times.
  • Supply counts are checked every 10 seconds.